 Dungeon Crawl Stone Soup version 0.28.0-53-g5a82cb258f (webtiles) character file.

Game seed: 5150205538220368006

305 Sin92 the Chiller (level 6, 0/44 HPs)
             Began as a Demonspawn Ice Elementalist on July 15, 2022.
             Slain by a kobold brigand
             ... wielding a +0 short sword
              (2 damage)
             ... in a sewer.
             The game lasted 00:09:44 (4444 turns).

Sin92 the Chiller (Demonspawn Ice Elementalist)     Turns: 4444, Time: 00:09:45

Health: 0/44       AC: 11    Str: 11    XL:     6   Next: 16%
Magic:  10/10      EV:  5    Int: 16    God:
Gold:   63         SH:  0    Dex: 13    Spells: 9/10 levels left

rFire   . . .      SeeInvis .   k - +0 dagger (drain)
rCold   + . .      Faith    .   (no shield)
rNeg    . . .      Spirit   .   l - +2 chain mail {rC+}
rPois   +          Reflect  .   (helmet restricted)
rElec   .          Harm     .   g - +0 cloak
rCorr   .          Rampage  .   (no gloves)
Will    .....                   (no boots)
Stlth   ..........              (no amulet)
HPRegen 0.14/turn               c - ring of poison resistance
MPRegen 0.12/turn               (no ring)

@: no status effects
A: horns 1, spiny 1, weakness stinger 1
a: no special abilities


You were in a sewer.
You visited 1 branch of the dungeon, and saw 4 of its levels.
You also visited: Sewer.

You collected 63 gold pieces.

Inventory:

Hand Weapons
 b - a +0 short sword
 d - a +2 short sword of protection
 k - a +0 dagger of draining (weapon)
Armour
 a - a +0 robe
 g - a +0 cloak (worn)
 l - a +2 chain mail of cold resistance (worn)
Jewellery
 c - a ring of poison resistance (left hand)
Wands
 j - a wand of iceblast (7)
Potions
 f - a potion of degeneration
 i - a potion of might


   Skills:
 + Level 2.1 Fighting
 + Level 0.7 Short Blades
 + Level 1.9 Armour
 + Level 2.9 Dodging
 + Level 3.0 Stealth
 + Level 2.9 Spellcasting
 + Level 4.2 Ice Magic


You had 9 spell levels left.
You knew the following spells:

 Your Spells              Type           Power      Damage    Failure   Level
a - Freeze                Ice            64%        1d8       86%         1

Your spell library contained the following spells:

 Spells                   Type           Power      Damage    Failure   Level
 Frozen Ramparts          Ice            32%        1d5       99%         3
 Ozocubu's Armour         Ice            16%        N/A       99%         3
 Animate Skeleton         Necr           4%         N/A       100%        1
 Apportation              Tloc           4%         N/A       100%        1
 Pain                     Necr           8%         1d4       100%        1
 Summon Small Mammal      Summ           8%         N/A       100%        1
 Stone Arrow              Conj/Erth      4%         3d7       100%        3
 Animate Armour           Summ/Erth      4%         N/A       100%        4
 Hailstorm                Conj/Ice       9%         3d4       100%        4
 Agony                    Necr           2%         N/A       100%        5
 Excruciating Wounds      Necr           1%         N/A       100%        5
 Conjure Ball Lightning   Conj/Air       1%         3x3d6     100%        6
 Lehudib's Crystal Spear  Conj/Erth      1%         10d2      100%        8
 Chain Lightning          Conj/Air       1%         3d1       100%        9


Dungeon Overview and Level Annotations

Branches:
Dungeon (4/15)              Sewer (1/1)
 Temple: D:4-7

Altars:
Yredelemnul

Shops:
D:1 *   D:3 =

Annotations:
D:3 3 runed translucent doors, WANAX's ghost, amateur HOBe


Innate Abilities, Weirdness & Mutations

You have a pair of small horns on your head.
You are partially covered in sharp spines.
You have a small tail.


Message History

The kobold brigand is struck by your spines.
The kobold brigand hits you with a +0 short sword.
The kobold hits you but does no damage.
You closely miss the kobold brigand.
Your headbutt misses the kobold brigand.
The kobold brigand is heavily wounded.
The kobold hits you but does no damage.
The kobold brigand is struck by your spines.
The kobold brigand hits you with a +0 short sword.
You closely miss the kobold brigand.
You headbutt the kobold brigand, but do no damage.
The kobold brigand is severely wounded.
The kobold hits you with a +0 short sword.
* * * LOW HITPOINT WARNING * * *
The kobold hits you but does no damage.
You barely miss the kobold brigand.
The kobold brigand is severely wounded.
The kobold brigand hits you but does no damage.
The kobold is struck by your spines. The kobold barely misses you.
The kobold is struck by your spines.
You kill the kobold!
Unknown command.
You barely miss the kobold brigand. You headbutt the kobold brigand.
The kobold brigand is severely wounded.
The kobold brigand hits you but does no damage.
The kobold hits you with a +0 short sword.
* * * LOW HITPOINT WARNING * * *
Unknown command.
You closely miss the kobold brigand. You headbutt the kobold brigand.
The kobold brigand is almost dead.
The kobold brigand is struck by your spines.
The kobold brigand hits you with a +0 short sword!
* * * LOW HITPOINT WARNING * * *
The kobold is struck by your spines.
You kill the kobold!
Okay, then.
You hit the kobold brigand but do no damage.
The kobold brigand is almost dead.
The kobold brigand hits you with a +0 short sword.
You die...

#≈≈.+. #≈..#. #≈≈.#.
#≈≈.#. ##+++###≈≈.#.
#########.....##≈≈.#.
##≈≈≈≈≈≈#...§..###.###
###[......'.§.....#...#≈
#∩[...K@..'..._.§.'...≈≈
###?...)).'.§.....#...#≈
##≈≈≈≈≈≈#...§..###)###
#########.....##≈.)#.
##+++###≈..#. #≈≈.#.
#≈..#. #≈≈.#. #≈≈.'.


You could see a kobold brigand (drained).

Vanquished Creatures
  A kobold brigand (Sewer)
  An orc priest (D:3)
  Ijyb (D:3)
  5 adders
  3 shadow imps (Sewer)
  An ufetubus (Sewer)
  A worm (D:2)
  2 dart slugs
  5 orcs
  11 bats
  11 endoplasms
  5 giant cockroaches
  7 goblins
  5 hobgoblins
  21 kobolds
  5 quokkas
  9 ball pythons
  2 frilled lizards (D:2)
  A giant cockroach zombie (Sewer)
  A kobold zombie (Sewer)
  9 rats
107 creatures vanquished.

Vanquished Creatures (others)
  A fungus (D:1)
1 creature vanquished.

Grand Total: 108 creatures vanquished

Notes
Turn   | Place    | Note
-------+----------+-------------------------------------------
     0 | D:1      | Sin92 the Demonspawn Ice Elementalist began the quest for
                  | the Orb.
     0 | D:1      | Reached XP level 1. HP: 13/13 MP: 3/3
   133 | D:1      | Discovered your monstrous ancestry.
   133 | D:1      | Gained mutation: You have a pair of small horns on your
                  | head. [demonic ancestry]
   133 | D:1      | Reached XP level 2. HP: 11/20 MP: 0/5
   822 | D:1      | Got the Grimoire of Dusty Flight
   841 | D:1      | Found Dinoytas's Assorted Antiques.
  1151 | D:1      | Gained mutation: You are partially covered in sharp spines.
                  | [demonic ancestry]
  1151 | D:1      | Reached XP level 3. HP: 8/25 MP: 4/6
  1424 | D:1      | Found a faded altar of an unknown god.
  1721 | D:2      | Reached skill level 1 in Armour
  1878 | D:2      | Reached skill level 1 in Fighting
  1915 | D:2      | Gained mutation: You have a small tail. [demonic ancestry]
  1915 | D:2      | Reached XP level 4. HP: 31/32 MP: 2/7
  2080 | D:2      | Found a basalt altar of Yredelemnul.
  2188 | D:3      | Found Vemiu's Jewellery Boutique.
  2312 | D:3      | Noticed Ijyb
  2329 | D:3      | Killed Ijyb
  2330 | D:3      | Reached skill level 4 in Ice Magic
  2982 | D:3      | HP: 1/27 [orc priest/divine providence (14)]
  3390 | D:3      | Reached XP level 5. HP: 21/32 MP: 8/8
  3631 | D:3      | Found a runed translucent gate.
  3632 | D:3      | Found a runed translucent gate.
  3633 | D:3      | Found a runed translucent gate.
  3637 | D:3      | Noticed WANAX's ghost (amateur HOBe)
  4121 | D:4      | Found a glowing drain.
  4125 | Sewer    | Entered a sewer
  4387 | Sewer    | Found a burning altar of Makhleb.
  4414 | Sewer    | Reached XP level 6. HP: 23/44 MP: 10/10
  4443 | Sewer    | HP: 2/44 [kobold brigand/+0 short sword (7)]
  4444 | Sewer    | Slain by a kobold brigand

Illustrated notes

Levels and vault maps discovered:
D:1:      roderic_octagonal_star, layout_basic,
          shapermc_ecumenical_altar_acropolis, serial_shops,
          nicolae_shop_statue_plus
D:2:      layout_basic, basic_altar
D:3:      layout_loops_ring, serial_shops, shop, gammafunk_ghost_necromancy,
          uniq_ijyb
D:4:      layout_gridville, gup_sewer_entry_spiral, minmay_misc_feat_square
Sewer:    kennysheep_sewer_church

Skill      XL: |  1  2  3  4  5 |
---------------+----------------+-----
Stealth        | 2 3 |  3.0
Dodging        | 2 |  2.9
Armour         | 1 |  1.9
Fighting       | 1 2 |  2.1
Ice Magic      | 4 |  4.2
Short Blades   | |  0.7
Spellcasting   | |  2.9

Action                   |  1- 3 |  4- 6 || total
-------------------------+-------+-------++-------
Melee: Short sword       |    96 |    26 ||   122
       Headbutt          |    14 |    21 ||    35
       Punch             |     1 |     3 ||     4
       Dagger            |       |   118 ||   118
       Tailslap          |       |    14 ||    14
 Cast: Freeze            |    16 |     7 ||    23
  Use: Scroll            |       |     6 ||     6
 Stab: Sleeping          |     5 |     2 ||     7
Armor: Robe              |    28 |     2 ||    30
       Chain mail        |       |    78 ||    78
Dodge: Dodged            |    76 |    40 ||   116
